 Dungeon Crawl Stone Soup version 0.29-a0-1016-g236c7fd91e (webtiles) character file.

Game seed: 16800459544853554244

1239 drugrobin the Cleaver (level 8, -17/54 (62) HPs)
             Began as a Demigod Fighter on Aug 10, 2022.
             Demolished by an ogre
             ... wielding the +3 great mace of the Jumping Augurer {drain, *Rage Drain Fly rN+++}
              (41 damage)
             ... on level 4 of the Dungeon.
             The game lasted 00:17:11 (6389 turns).

drugrobin the Cleaver (Demigod Fighter)             Turns: 6389, Time: 00:17:11

HP:   -17/54 (62)   AC: 13    Str: 25    XL:     8   Next: 4%
MP:   10/10         EV:  7    Int: 10    God:
Gold: 354           SH:  4    Dex: 13    Spells: 7/7 levels left

rFire   + . .      SeeInvis .   c - +1 spear (venom)
rCold   + . .      Faith    .   H - +0 buckler
rNeg    . . .      Spirit   .   F - +0 chain mail
rPois   +          Reflect  .   B - +2 helmet of Whack-A-Mole {rF+ rC+}
rElec   .          Harm     .   (no cloak)
rCorr   .          Rampage  .   q - +0 pair of gloves
Will    +....                   (no boots)
Stlth   ..........              j - amulet of magic regeneration
HPRegen 0.18/turn               v - ring of willpower
MPRegen 0.52/turn               z - ring of poison resistance

@: about to teleport, heavily drained
A: high MP 1, forlorn, divine attributes
a: no special abilities


You were on level 4 of the Dungeon.
You visited 1 branch of the dungeon, and saw 6 of its levels.

You collected 354 gold pieces.

Inventory:

Hand Weapons
 a - a +0 war axe
 b - a +3 sling
 c - a +1 spear of venom (weapon)
Missiles
 y - a boomerang (quivered)
 A - 8 poisoned darts
Armour
 n - a +0 scale mail
 q - a +0 pair of gloves (worn)
 B - the +2 helmet of Whack-A-Mole (worn) {rF+ rC+}
   (You took it off Robin on level 4 of the Dungeon)

   rF:        It protects you from fire.
   rC:        It protects you from cold.
 F - a +0 chain mail (worn)
 H - a +0 buckler (worn)
Jewellery
 j - an amulet of magic regeneration (around neck)
 v - a ring of willpower (left hand)
 x - a ring of positive energy
 z - a ring of poison resistance (right hand)
 C - a ring of flight
 E - a ring of protection from cold
Wands
 u - a wand of flame (7)
Scrolls
 f - 2 scrolls of fog
 h - a scroll of acquirement {unknown}
 i - a scroll of immolation {unknown}
 k - a scroll of poison {unknown}
 l - a scroll of enchant armour {unknown}
 m - a scroll of blinking {unknown}
 o - a scroll of summoning {unknown}
 p - a scroll of enchant weapon
 r - 3 scrolls of fear
 s - 3 scrolls of amnesia
 w - 2 scrolls of brand weapon
 D - a scroll of silence {unknown}
 I - a scroll of noise {unknown}
Potions
 d - 4 potions of might
 t - 2 potions of curing
 G - a potion of lignification {unknown}


   Skills:
 - Level 2.6 Fighting
 + Level 9.3 Axes
 - Level 2.6 Armour
 - Level 2.6 Shields


You had 7 spell levels left.
You didn't know any spells.
Your spell library contained the following spells:

 Spells                   Type           Power      Damage    Failure   Level
 Animate Armour           Summ/Erth      0%         N/A       100%        4
 Blade Hands              Tmut           0%         N/A       100%        5
 Iron Shot                Conj/Erth      0%         9d1       100%        6


Dungeon Overview and Level Annotations

Branches:
Dungeon (6/15)
 Temple: D:4-7

Annotations:
D:4 Sabo's ghost, amateur TeAE
D:6 2 runed translucent doors


Innate Abilities, Weirdness & Mutations

You have an increased reservoir of magic. (+10% MP)
You shall have no god before yourself.
Your divine heritage dramatically boosts your attributes as you level up.


Message History

There is a transporter here.
The ogre attacks as you move away! The ogre barely misses you.
Okay, then.
Okay, then.
Unknown command.
Reach: c) +1 spear (venom)
Press: ? - help, Dir - move target, f/p - ogre
Aim: an ogre, wielding the +3 great mace of the Jumping Augurer {drain, *Rage Drain Fly rN+++} (about 23% to evade your +1 spear of venom)
You reach to attack!
You hit the ogre.
The ogre is poisoned.
The ogre is lightly wounded.
Unknown command.
You puncture the ogre!
The ogre looks as sick as possible!
The ogre is heavily wounded.
The ogre goes berserk!
The ogre hits you with the +3 great mace of the Jumping Augurer {drain, *Rage Drain Fly rN+++}!!
You feel drained.
Unknown command.
Unknown command.
Okay, then.
Unknown command.
Okay, then.
Unknown command.
Okay, then.
Okay, then.
Okay, then.
Okay, then.
Unknown command.
Unknown command.
As you read the scroll labelled YFFUSUCH KUGU, it crumbles to dust.
You feel strangely unstable.
It was a scroll of teleportation.
The ogre barely misses you.
Unknown command.
Unknown command.
Okay, then.
Unknown command.
As you read the scroll labelled WUZXILL FUMEH, it crumbles to dust.
You feel momentarily disoriented.
It was a scroll of magic mapping.
The ogre hits you with the +3 great mace of the Jumping Augurer {drain, *Rage Drain Fly rN+++}!!!
Ouch! That really hurt!
You die...

#.# #.# #....### #.## #.#
#...)))# #..# #.# #...[#.#
##.###.# #....#.# #..##.#
######.# ##.##.# #[#
###'##'###### #.# #...........#
##### #.# #...........#
#.@######## #.# #...........#
#.O#......# #.#
#...........###..#.#..#.# #)#
#####.....##.....#..##..####.# #
#..##.##.....#O.##..#....# #
#..#..##....©#W#..#.#....# #
#.>#.##......#)..!.©#..#.#
########.##.....©#.#..#.#..#.#
.......#.........#..##.)##.#.####


You could see 2 ogres and Sabo's ghost.

Vanquished Creatures
  Grinder (D:5)
  Eustachio (D:5)
  2 ogres
  A phantom (D:5)
  Blork the orc (D:5)
  A bullfrog (D:4)
  A scorpion (D:3)
  A gnoll sergeant (D:5)
  3 iron imps (D:3)
  2 jellies
  Ijyb (D:4)
  An orc wizard (D:6)
  3 gnolls (D:5)
  Robin (D:4)
  5 adders
  2 white imps
  An ufetubus (D:3)
  2 worms
  4 dart slugs
  20 orcs
  4 ball pythons
  6 endoplasms
  4 giant cockroaches
  5 hobgoblins
  3 jackals (D:3)
  4 kobolds
  7 quokkas
  7 bats
  5 frilled lizards
  15 goblins
  3 rats
117 creatures vanquished.

Vanquished Creatures (others)
  4 fungi (D:6)
  3 toadstools (D:6)
7 creatures vanquished.

Grand Total: 124 creatures vanquished

Notes
Turn   | Place    | Note
-------+----------+-------------------------------------------
     0 | D:1      | drugrobin the Demigod Fighter began the quest for the Orb.
     0 | D:1      | Reached XP level 1. HP: 18/18 MP: 3/3
    47 | D:1      | Reached skill level 2 in Axes
   512 | D:1      | Reached XP level 2. HP: 16/25 MP: 4/4
  1171 | D:2      | Reached skill level 3 in Axes
  1298 | D:2      | Reached XP level 3. HP: 25/30 MP: 5/5
  1962 | D:2      | Reached skill level 4 in Axes
  2263 | D:3      | Reached XP level 4. HP: 35/37 MP: 6/6
  2636 | D:3      | Reached skill level 5 in Axes
  2636 | D:3      | Reached XP level 5. HP: 26/42 MP: 7/7
  2983 | D:4      | Found a transporter.
  2985 | D:4      | Noticed an ogre
  2985 | D:4      | Noticed Sabo's ghost (amateur TeAE)
  2989 | D:4      | Identified the +3 great mace of the Jumping Augurer {drain,
                  | *Rage Drain Fly rN+++}
  2989 | D:4      | Noticed an ogre
  3327 | D:4      | Reached skill level 6 in Axes
  3430 | D:3      | Reached XP level 6. HP: 50/50 MP: 8/8
  3972 | D:4      | Found a transporter.
  4032 | D:4      | Noticed Ijyb
  4043 | D:4      | Gained mutation: Your spells are a little easier to cast,
                  | but a little less powerful. [potion of mutation]
  4043 | D:4      | Gained mutation: You occasionally lose the ability to drink
                  | potions when taking damage. [potion of mutation]
  4043 | D:4      | Lost mutation: Your spells are a little easier to cast, but
                  | a little less powerful. [potion of mutation]
  4050 | D:4      | Killed Ijyb
  4328 | D:4      | Identified the +2 helmet of Whack-A-Mole {rF+ rC+}
  4328 | D:4      | Noticed Robin
  4344 | D:4      | Killed Robin
  4516 | D:5      | Entered Level 5 of the Dungeon
  4529 | D:5      | Noticed Eustachio
  4547 | D:5      | Killed Eustachio
  4548 | D:5      | Reached skill level 7 in Axes
  4617 | D:5      | Reached XP level 7. HP: 56/56 MP: 9/9
  4714 | D:5      | Noticed Grinder
  4732 | D:5      | Killed Grinder
  4733 | D:5      | Reached skill level 8 in Axes
  4750 | D:5      | Lost mutation: You occasionally lose the ability to drink
                  | potions when taking damage. [potion of mutation]
  5735 | D:6      | Found a runed translucent door.
  5737 | D:6      | Found a runed translucent door.
  6006 | D:5      | Noticed Blork the orc
  6022 | D:5      | Killed Blork the orc
  6023 | D:5      | Reached skill level 9 in Axes
  6224 | D:3      | Reached XP level 8. HP: 62/62 MP: 10/10
  6389 | D:4      | Demolished by an ogre

Illustrated notes

Levels and vault maps discovered:
D:1:      elethiomel_arrival_quiet, layout_basic,
          shapermc_ecumenical_altar_notcrosses, st_stairs_11,
          chequers_serial_rivers_small_b, minmay_octomino_j4
D:2:      layout_basic, minmay_fountain_box, st_stairs_1
D:3:      layout_rooms, mainiacjoe_overflow_paths, demons_altar,
          minmay_misc_feat_enclosed
D:4:      layout_basic, gammafunk_ghost_smash, minmay_bisected, uniq_ijyb,
          uniq_robin
D:5:      layout_basic, uniq_eustachio, uniq_grinder, uniq_blork_the_orc
D:6:      lemuel_insect_pit, layout_layer_cave, mainiacjoe_overflow_big_doors,
          mainiacjoe_overflow_catwalk, mainiacjoe_overflow_cross_hatched,
          minmay_gold_behind_fungi, eino_tiny_chamber, corexii_hall_statues_i,
          chequers_jeans

Skill      XL: |  1  2  3  4  5  6  7 |
---------------+----------------------+-----
Axes           | 2 3 4 5 6 7 9 |  9.3
Fighting       | |  2.6
Armour         | |  2.6
Shields        | |  2.6

Action                   |  1- 3 |  4- 6 |  7- 9 || total
-------------------------+-------+-------+-------++-------
Melee: War axe           |    90 |   149 |    53 ||   292
       Spear             |       |       |    30 ||    30
 Fire: Sling             |    24 |    74 |     2 ||   100
Throw: Dart              |       |     4 |     6 ||    10
       Boomerang         |       |       |    12 ||    12
Evoke: Wand              |       |     1 |     9 ||    10
  Use: Potion            |       |     2 |     1 ||     3
       Scroll            |       |       |     7 ||     7
Armor: Scale mail        |    53 |    90 |     5 ||   148
       Chain mail        |       |       |    17 ||    17
Dodge: Dodged            |    44 |    87 |    28 ||   159
Block: Buckler           |    23 |    40 |    18 ||    81

Table legend: (Time is in decaauts)
 A = Elapsed time spent in this place.
 B = Non-inter-level travel time spent in this place.
 C = Inter-level travel time spent in this place.
 D = Time resting spent in this place.
 E = Time spent auto-exploring this place.
 F = Levels seen in this place.
 G = Mean time per level.
                   A        B        C        D        E       F      G
               +--------+--------+--------+--------+--------+-----+--------+
         Total |   6509 |   6071 |    438 |   1143 |   2936 |   6 | 1084.8 |
       Dungeon |   6509 |   6071 |    438 |   1143 |   2936 |   6 | 1084.8 |
               +--------+--------+--------+--------+--------+-----+--------+

Top non-repeatable levels by time:
     D:4: 1968 daAuts
     D:1: 1184 daAuts
     D:2: 1136 daAuts
     D:5: 994 daAuts
     D:3: 871 daAuts
     D:6: 354 daAuts
